[Event "*** Titled Tuesday 3|2 Blitz"]
[Site "Chess.com"]
[Date "2015.10.06"]
[Round "2"]
[White "3f32"]
[Black "chesswooog"]
[Result "1-0"]
[WhiteElo "2280"]
[BlackElo "2174"]
[TimeControl "180+2"]
[EndTime "11:23:28 PDT"]
[Termination "3f32 won by checkmate"]

1. d4 Nf6 2. c4 e6 3. g3 Bb4+ 4. Nd2 O-O 5. Bg2 d5 6. Nf3 Nbd7 7. O-O c5 8. cxd5 Nxd5 9. a3 Bxd2 10. Qxd2 cxd4 11.
Nxd4 N7f6 12. b4 a5 13. Bb2 axb4 14. axb4 Rxa1 15. Rxa1 Qb6 16. b5 Rd8 17. Qc2 e5 18. Nb3 Qxb5 19. Bxe5 Be6 20. Rd1 Rc8 21. Qb2 Nb6 22.
Bxf6 gxf6 23. Rb1 Na4 24. Qa3 Rc3 25. Nd2 Rxa3 26. Rxb5 Ra2 27. Nf1 Rxe2 28. Rxb7 Nc3 29. Rc7 Nd1 30. Bf3 Rxf2 31. Bxd1 Ra2 32. Rc2 Ra1 33. Be2 f5 34. Kf2 Kg7 35. Ke3 Kf6 36.
Nd2 Rh1 37. Nf3 h5 38. Bd3 Rd1 39. Nh4 Re1+ 40. Kd4 Rd1 41. Rf2 Bd7 42. Kc3 Rc1+ 43.
Kd2 Ra1 44. Bxf5 Bxf5 45. Rxf5+ Ke6 46. Rxh5 Ra2+ 47. Ke3 Rxh2 48. Kf4 Rf2+ 49. Nf3 f6 50. Ra5 Kf7 51. g4 Kg6 52. Ra6 Kf7 53. Kg3 Rb2 54.
Nh4 Rb3+ 55. Nf3 Rc3 56. Rd6 Ke7 57. Rd4 Kf7 58. Rf4 Kg6 59. Kh4 Rc1 60. Nd4 Rh1+ 61. Kg3 Rg1+ 62. Kf2 Ra1 63. Nf3 Ra2+ 64. Ke3 Ra3+ 65. Kf2 Ra2+ 66. Kg3 Ra3 67. Rb4 Rc3 68. Kf4 Ra3 69. Rb6 Ra4+ 70. Kg3 Kf7 71. Nd2 Ra3+ 72. Kf4 Ra4+ 73. Ne4 Kg7 74. Rc6 Rb4 75. Kf5 Rb5+ 76. Rc5 Rb1 77. Rc7+ Kf8 78. Kxf6 Rb6+ 79. Kf5 Rb5+ 80.
Kg6 Rb6+ 81. Nf6 Rb5 82. Rf7# 1-0

[Event "*** Titled Tuesday 3|2 Blitz"]
[Site "Chess.com"]
[Date "2015.10.06"]
[Round "2"]
[White "Carolina-moon"]
[Black "Rating-Schmating"]
[Result "1-0"]
[WhiteElo "2045"]
[BlackElo "1985"]
[TimeControl "180+2"]
[EndTime "11:23:49 PDT"]
[Termination "Carolina-moon won by checkmate"]

1. e4 e6 2. Nf3 d5 3. Nc3 Nf6 4. e5 Nfd7 5. d4 c5 6. dxc5 Bxc5 7. Bd3 Nc6 8. Bf4 Qb6 9. O-O Qxb2 10. Nb5 O-O 11. Bd2 Ndxe5 12. Bc3 Nxd3 13. Qxd3 Nb4 14. Bxb2 Nxd3 15. cxd3 Bd7 16. Nbd4 a6 17. Nb3 Bd6 18. Rfe1 Bb5 19. d4 Rac8 20. Rac1 Bc4 21. Nfd2 Bd3 22. Nc5 Bxc5 23. Rxc5 Rxc5 24. dxc5 Rc8 25. Rc1 f6 26. f4 Kf7 27. Kf2 Ke7 28. Ke3 Bb5 29. Kd4 Kd7 30. a3 Re8 31. Nf3 Kc6 32. Re1 b6 33. cxb6 Kxb6 34. Rc1 Bc4 35. Nd2 e5+ 36. fxe5 fxe5+ 37. Ke3 Bb5 38. Nf3 d4+ 39. Kd2 Kb7 40. Re1 d3 41. Nxe5 Rc8 42. Nxd3 Rd8 43. Re3 g6 44. Be5 Rd5 45. Bg3 Kc6 46. Kc3 Kd7 47. Nb4 Rc5+ 48. Kb3 Rf5 49. Nd3 Rd5 50. Nf4 Rd1 51. a4 Bc6 52. Rd3+ Rxd3+ 53. Nxd3 Bxg2 54. Nc5+ Kc6 55. Nxa6 Bd5+ 56. Kb4 Kb6 57. Nc5 h5 58. Nd3 g5 59. Be5 h4 60. Bf6 g4 61. Bxh4 Be4 62.
Ne5 Bf5 63. Bg3 Be6 64. a5+ Ka6 65. Nd3 Bf5 66. Nc5+ Ka7 67. Kb5 Bc8 68. Bf2 Ka8 69.
Kb6 Bd7 70. a6 Bc8 71. Bg3 Bxa6 72. Kc6 Be2 73. Kd5 Ka7 74. Ke5 Kb6 75. Ne4 Kc6 76. Nf6 Kc5 77. Kf4 Kd4 78. Nxg4 Kd5 79.
Ne3+ Ke6 80. Kg5 Kf7 81. h4 Bf3 82. Ng4 Be4 83. h5 Kg7 84. h6+ Kh7 85. Nf6+ Kh8 86.
Nxe4 Kg8 87. Kg6 Kh8 88. Ng5 Kg8 89. h7+ Kh8 90. Be5# 1-0

[Event "*** Titled Tuesday 3|2 Blitz"]
[Site "Chess.com"]
[Date "2015.10.06"]
[Round "2"]
[White "HubertKnott"]
[Black "eugeniusjr"]
[Result "1/2-1/2"]
[WhiteElo "2023"]
[BlackElo "2002"]
[TimeControl "180+2"]
[EndTime "11:23:53 PDT"]
[Termination "Game drawn by agreement"]

1. d4 Nf6 2. Nf3 g6 3. c4 Bg7 4. Nc3 d5 5. e3 O-O 6. Be2 c5 7.
O-O dxc4 8. Bxc4 Nc6 9. dxc5 Qa5 10. Qe2 Qxc5 11. h3 a6 12. a3 b5 13. Bb3 Bb7 14.
Rd1 Rad8 15. Bd2 e5 16. e4 Nd4 17. Nxd4 exd4 18. Nd5 Bxd5 19. exd5 Nxd5 20. Rac1 Qd6 21. Qf3 h6 22. Rc2 Kh7 23. Rdc1 Ne7 24. Bb4 Qf6 25. Qb7 d3 26. Bxe7 dxc2 27. Bxf6 Bxf6 28. Bxc2 Bxb2 29. Rb1 Bxa3 30. Qxa6 b4 31. Qa4 Rd2 32. Qb3 Kg7 33. Rd1 Re2 34. Kf1 Rfe8 35. Bd3 R2e7 36. Qb1 Kg8 37. Qb3 Kg7 38. Bc4 Rc8 39. g3 Rce8 40. Kg2 Rc7 41. Rd2 Rec8 42. Rc2 Kf8 43. Qd3 Kg7 44.
Qb3 Kf8 45. Bd3 Rxc2 46. Bxc2 Rc3 47. Qa4 Rc8 48. Bb3 Kg7 49. Qd7 Rf8 50. f4 Kg8 51.
Kf3 Bb2 52. Ke4 Bc3 53. f5 g5 54. Kf3 Kg7 55. Kg4 Kg8 56. Kh5 Kg7 57. Qe7 Bf6 58.
Qc7 Bc3 59. Qc4 Kh7 60. Qc7 Kg7 61. h4 gxh4 62. Kxh4 Bf6+ 63. Kg4 Bc3 64. Kf4 Bf6 65. g4 Bg5+ 66. Ke4 Bf6 67. Qc4 Bc3 68. Kd3 Bf6 69. Ke3 Re8+ 70. Kd3 Rd8+ 71. Ke2 Re8+ 72. Kf3 Rf8 73.
Qxb4 Bg5 74. Qd4+ Bf6 75. Qd5 Bg5 76. Ke4 Bf6 77. Kd3 Rd8 78. Kc4 Rxd5 79. Kxd5 Bd8 80. Ke4 Kf6 1/2-1/2

[Event "*** Titled Tuesday 3|2 Blitz"]
[Site "Chess.com"]
[Date "2015.10.06"]
[Round "2"]
[White "Baggio95"]
[Black "rikyshi"]
[Result "1/2-1/2"]
[WhiteElo "2385"]
[BlackElo "2143"]
[TimeControl "180+2"]
[EndTime "11:24:23 PDT"]
[Termination "Game drawn by agreement"]

1. e4 e6 2. Qe2 c5 3. Nf3 b6 4. g3 Nc6 5. Bg2 g6 6. O-O Bg7 7. c3 Nge7 8. Rd1 d6 9. d4 O-O 10. Na3 cxd4 11. cxd4 Bb7 12. Bg5 h6 13. Be3 Rc8 14.
Nb5 a6 15. Nc3 d5 16. e5 Nf5 17. Rac1 b5 18. Qd2 Kh7 19. Ne2 Nce7 20. g4 Nxe3 21.
Qxe3 Rc4 22. b3 Rxc1 23. Rxc1 Qa5 24. Qd2 b4 25. Rc5 Qb6 26. Nf4 Rc8 27. Nd3 a5 28. Qc2 Ba6 29. Rxc8 Bxd3 30. Qxd3 Nxc8 31. Qc2 Na7 32. h4 Nb5 33. Qd3 Kg8 34. Bf1 Nc3 35. a4 Qc7 36. Nd2 Qe7 37. Qg3 Qa7 38. Qd3 Qe7 39. Qg3 Qa7 40. Qf4 Bf8 41. h5 g5 42.
Qe3 Qb7 43. Bd3 Nd1 44. Qe1 Nc3 45. Bc2 Qa6 46. Kh2 Qe2 47. Qxe2 Nxe2 48. Nf3 Nf4 49. Kg1 Be7 50. Kf1 Bd8 51. Ke1 Ng2+ 52. Kd2 Nf4 53. Bd3 Kf8 54. Bb5 Ke7 55. Ke3 Kf8 56. Ne1 Kg7 57.
Nc2 Kf8 58. Kd2 Bb6 59. Bf1 Ke7 60. Bb5 Kf8 61. Bf1 Ke7 62. Ke3 Kf8 63. Ne1 Ke7 64.
Nd3 Nxd3 65. Bxd3 Bd8 66. f4 Kf8 67. f5 Ke7 68. Ba6 Kf8 69. Bc8 Ke7 70. Kd3 Bb6 71.
Bb7 Ba7 72. Bc6 Bb6 73. Bb7 Ba7 74. Bc8 Bb6 75. f6+ Ke8 76. Bb7 Kf8 77. Bc6 Ba7 78.
Bb5 1/2-1/2

[Event "*** Titled Tuesday 3|2 Blitz"]
[Site "Chess.com"]
[Date "2015.10.06"]
[Round "2"]
[White "GeorgMeier"]
[Black "tac49"]
[Result "1/2-1/2"]
[WhiteElo "2609"]
[BlackElo "2467"]
[TimeControl "180+2"]
[EndTime "11:24:53 PDT"]
[Termination "Game drawn by agreement"]

1. Nf3 d5 2. g3 Nf6 3. Bg2 c6 4. O-O Bg4 5. c4 e6 6. cxd5 exd5 7. h3 Bxf3 8. Bxf3 Nbd7 9. e3 Bd6 10. d3 O-O 11.
Bg2 Re8 12. Nc3 Nf8 13. Qc2 d4 14. exd4 Ne6 15. d5 cxd5 16. Qd1 Rc8 17. d4 Bb4 18. Ne2 Ne4 19. Be3 Bd6 20. Qb3 Qa5 21. Rfc1 b6 22. Nc3 Nxc3 23. bxc3 Rc4 24. Bf1 Rc7 25.
c4 dxc4 26. Rxc4 Rxc4 27. Bxc4 Qf5 28. Bf1 Ng5 29. Bxg5 Qxg5 30. Qf3 h5 31. Bc4 Re7 32.
h4 Qg4 33. Qxg4 hxg4 34. h5 Kh7 35. Rb1 Kh6 36. Rb5 Rc7 37. Bb3 g6 38. hxg6 Kxg6 39. Bd5 Re7 40. Kf1 f5 41. Bc4 f4 42. Bd3+ Kh6 43. Rd5 Bc7 44. gxf4 Bxf4 45. Rf5 Bg5 46. d5 Rd7 47. Kg2 Kh5 48. Kg3 Rd6 49. Be2 Kg6 50. Kxg4 Be7 51. Bd3 Kg7 52. Re5 Bf8 53. Bf5 Kf6 54.
Re8 Be7 55. Be6 Rd8 56. Rxd8 Bxd8 57. Kf4 b5 58. Ke4 a5 59. Bd7 b4 60. Bc6 Bc7 61. f3 Ke7 62. Kf5 Bd6 63. Kg5 Bc5 64.
f4 Be3 65. Kg4 Kd6 66. Kf3 Bd2 67. Ke4 Bc1 68. Ba4 Bd2 69. Bb3 Bc1 70. Kf3 Bd2 71. Kg4 Bc1 72. Kf5 a4 73. Bc4 Bd2 74. Ke4 Bc1 75. f5 Bg5 76. Kf3 Bf6 77. Ke4 b3 78. axb3 axb3 79. Bxb3 Bg7 80. Kf4 Bf6 81. Kg4 Ke5 82. Bc4 Be7 83. Ba2 Bd6 84. Kg5 Be7+ 85. Kg6 Bh4 86. Bb3 Bd8 87. Bc4 Bh4 88. Kf7 Kxf5 89. d6 Ke5 1/2-1/2

[Event "*** Titled Tuesday 3|2 Blitz"]
[Site "Chess.com"]
[Date "2015.10.06"]
[Round "2"]
[White "pedromartinez91"]
[Black "Rickstereo"]
[Result "1/2-1/2"]
[WhiteElo "2212"]
[BlackElo "2095"]
[TimeControl "180+2"]
[EndTime "11:28:40 PDT"]
[Termination "Game drawn by 50-move rule"]

1. e4 e6 2. d4 d5 3. Nd2 Nf6 4. e5 Nfd7 5. Bd3 c5 6. c3 Nc6 7. Ne2 cxd4 8. cxd4 f6 9. f4 Qb6 10. Nf3 Bb4+ 11. Bd2 O-O 12. Bxb4 Qxb4+ 13. Qd2 Qb6 14. Qc2 h6 15. Bh7+ Kh8 16. Nh4 f5 17. Bg6 Nxd4 18. Nxd4 Qxd4 19. Qd2 Qe4+ 20. Kf2 Nc5 21. Bh5 Nd3+ 22. Kg3 g5 23. Ng6+ Kg7 24. Bf3 gxf4+ 25. Kh4 Qe3 26. Qxe3 fxe3 27. Nxf8 Kxf8 28. Rhd1 Nxb2 29. Rd4 Nc4 30. Re1 Bd7 31. g4 Nxe5 32.
Rxe3 Nxg4 33. Bxg4 fxg4 34. Rxg4 Ke7 35. Rb3 Bc6 36. Kh5 Rf8 37. Kxh6 Rf2 38. h4 Rxa2 39. h5 Rh2 40. Rg5 a5 41. Kg7 a4 42. Rb1 a3 43.
h6 a2 44. Rf1 d4 45. h7 Be4 46.
Rf7+ Kd6 47. Ra5 Rxh7+ 48. Kf6 Rh6+ 49. Kg5 Rg6+ 50. Kf4 Bb1 51. Rxb7 Rg1 52. Rb6+ Kc7 53. Rxe6 Bf5 54. Ra7+ Kb8 55. Rea6 Bb1 56. Ra8+ Kb7 57. R8a7+ Kb8 58. Re7 Rf1+ 59. Kg3 Rg1+ 60. Kf2 Rh1 61. Rb6+ Kc8 62. Ra6 Kb8 63. Rd6 Rh8 64. Rb6+ Ka8 65. Ra6+ Kb8 66. Rd7 d3 67. Ke3 Re8+ 68. Kd4 d2 69.
Kc5 Rc8+ 70. Kb6 Be4 71. Rxa2 Rc6+ 72. Kb5 Rc2 73. Ra6 d1=Q 74. Rxd1 Rb2+ 75. Kc5 Rc2+ 76.
Kd4 Bb7 77. Rf6 Rc8 78. Rg1 Rd8+ 79. Kc5 Rc8+ 80. Kb6 Rd8 81. Rg7 Bd5 82. Rh6 Be4 83. Re7 Bd5 84. Rhh7 Bf3 85. Rhf7 Rd6+ 86. Kc5 Rc6+ 87.
Kb5 Bh1 88. Rf1 Bd5 89. Rd7 Bc4+ 90. Kxc6 Bxf1 91. Kb6 Kc8 92. Rg7 Bd3 93. Kc5 Bf5 94. Kd6 Kb8 95. Kc6 Be4+ 96. Kd6 Kc8 97. Rc7+ Kb8 98.
Re7 Bf3 99. Re3 Bg2 100. Rc3 Be4 101. Rc7 Bf3 102. Re7 Bg2 103. Kc5 Kc8 104. Kd6 Kb8 105. Re3 Bh1 106. Rc3 Bg2 107. Rc2 Be4 108. Rb2+ Kc8 109. Ra2 Bf3 110. Ra3 Be4 111. Ra7 Kb8 112. Re7 Bf3 113. Kc5 Kc8 114. Kb6 Kd8 115. Re3 Bg2 116. Rd3+ Kc8 117. Rg3 Be4 118. Rg7 Kd8 119. Kc5 Kc8 120. Re7 Bf3 121. Re1 Bg2 122. Kd6 Bf3 123. Rb1 Be4 124. Rc1+ Kb8 125. Ke5 Bf3 126. Kd6 Be4 127. Rc4 Bf3 128. Rb4+ Kc8 129. Rb6 Bg2 130. Ra6 Kb8 131. Kd7 Kb7 132. Ra2 Bc6+ 133. Kd6 Bf3 134. Rb2+ Kc8 135. Rb4 Bg2 136. Rg4 Bf3 137. Rg8+ Kb7 138. Rf8 Be4 139. Rf7+ Kc8 140. Re7 Bf3 1/2-1/2

[Event "*** Titled Tuesday 3|2 Blitz"]
[Site "Chess.com"]
[Date "2015.10.06"]
[Round "3"]
[White "FMCouch"]
[Black "Moltini"]
[Result "1-0"]
[WhiteElo "2041"]
[BlackElo "2149"]
[TimeControl "180+2"]
[EndTime "11:32:46 PDT"]
[Termination "FMCouch won by checkmate"]

1. e4 c5 2. Nf3 d6 3. d4 cxd4 4. Nxd4 Nf6 5. Nc3 a6 6. Bg5 e6 7. f4 Nbd7 8. Qe2 Qc7 9. O-O-O Be7 10. g4 b5 11. Bg2 Bb7 12. h4 O-O-O 13. e5 dxe5 14.
Bxb7+ Qxb7 15. fxe5 Ng8 16. Bf4 Nc5 17. Bg3 Rxd4 18. Rxd4 Qxh1+ 19. Rd1 Qc6 20. b4 Nb7 21. Ne4 Nh6 22. Nd6+ Bxd6 23. exd6 Rd8 24. Qe5 Nxg4 25. d7+ Rxd7 26. Qb8# 1-0

[Event "*** Titled Tuesday 3|2 Blitz"]
[Site "Chess.com"]
[Date "2015.10.06"]
[Round "3"]
[White "Konavets"]
[Black "dabee"]
[Result "1-0"]
[WhiteElo "2491"]
[BlackElo "2365"]
[TimeControl "180+2"]
[EndTime "11:33:26 PDT"]
[Termination "Konavets won by resignation"]

1. b4 e6 2. Bb2 Nf6 3. a3 a5 4. b5 c5 5. e3 b6 6. Nf3 Bb7 7.
c4 d5 8. d4 Nbd7 9. Nc3 cxd4 10. exd4 dxc4 11. Bxc4 Rc8 12. Ba2 Be7 13. O-O O-O 14. Re1 Re8 15. Ng5 Nf8 16. Qd3 Nd5 17. Nge4 Ng6 18. Rad1 Ngf4 19. Qg3 Nxc3 20. Nxc3 Nxg2 21. d5 Bd6 22. Qxg2 1-0

[Event "*** Titled Tuesday 3|2 Blitz"]
[Site "Chess.com"]
[Date "2015.10.06"]
[Round "3"]
[White "tac49"]
[Black "FairChess_on_YouTube"]
[Result "0-1"]
[WhiteElo "2464"]
[BlackElo "2713"]
[TimeControl "180+2"]
[EndTime "11:33:46 PDT"]
[Termination "FairChess_on_YouTube won by resignation"]

1. e4 c5 2. Nf3 d6 3. d4 cxd4 4.
Nxd4 Nf6 5. Nc3 a6 6. h3 g6 7. Be3 Bg7 8. Bc4 O-O 9. O-O b5 10. Bd5 Nxd5 11. Nxd5 Bb7 12. Bg5 Re8 13. a4 h6 14. Bh4 g5 15. Bg3 e6 16. Ne3 Nc6 17.
Nxc6 Bxc6 18. Qh5 Bxe4 19. axb5 axb5 20. Ng4 Bg6 21. Nxh6+ Kh7 22. Nxf7+ Bxh5 23. Nxd8 Rexd8 0-1

[Event "*** Titled Tuesday 3|2 Blitz"]
[Site "Chess.com"]
[Date "2015.10.06"]
[Round "3"]
[White "kpio91"]
[Black "3f32"]
[Result "1-0"]
[WhiteElo "2500"]
[BlackElo "2276"]
[TimeControl "180+2"]
[EndTime "11:34:16 PDT"]
[Termination "kpio91 won by resignation"]

1. c4 Nf6 2. g3 e6 3. Nf3 d5 4.
b3 c5 5. Bg2 Nc6 6. O-O d4 7.
e3 Bd6 8. exd4 cxd4 9. Re1 O-O 10.
a3 a5 11. d3 e5 12. Ra2 Bf5 13. Bg5 h6 14. Bxf6 Qxf6 15. Nh4 Bh7 16. Rae2 Rfe8 17. f4 Re7 18. f5 Rae8 19. Nd2 Rc7 20. Ne4 Qd8 21. Rf2 Bxa3 22. f6 g5 23. Nf5 Bf8 24.
Qh5 Bg6 25. Nxh6+ Kh8 26. Nxf7+ Kg8 27. Qxg6+ 1-0

[Event "*** Titled Tuesday 3|2 Blitz"]
[Site "Chess.com"]
[Date "2015.10.06"]
[Round "3"]
[White "alexsuper1987"]
[Black "eugeniusjr"]
[Result "1-0"]
[WhiteElo "2207"]
[BlackElo "1998"]
[TimeControl "180+2"]
[EndTime "11:34:27 PDT"]
[Termination "alexsuper1987 won by resignation"]

1. e4 c5 2. Nf3 g6 3. d4 cxd4 4. Nxd4 Nc6 5. Nc3 Bg7 6. Be3 Nf6 7. Bc4 O-O 8. f3 Qb6 9. a3 Nxe4 10. Nd5 Qc5 11.
Nxc6 Qxc4 12. Ncxe7+ Kh8 13. fxe4 Bxb2 14. Rb1 Bg7 15. Qd3 Qa4 16. O-O b6 17. Rb4 Qa5 18. Bd4 f6 19. Nxf6 Ba6 20. Nxg6+ 1-0

[Event "*** Titled Tuesday 3|2 Blitz"]
[Site "Chess.com"]
[Date "2015.10.06"]
[Round "3"]
[White "Rickstereo"]
[Black "rikyshi"]
[Result "0-1"]
[WhiteElo "2088"]
[BlackElo "2150"]
[TimeControl "180+2"]
[EndTime "11:34:32 PDT"]
[Termination "rikyshi won by resignation"]

1. d4 d5 2. c4 Nc6 3. Nf3 Bg4 4. e3 e5 5. dxe5 dxc4 6. Qxd8+ Rxd8 7. Bxc4 Nxe5 8. Be2 Bxf3 9. gxf3 c6 10. f4 Nd3+ 11. Bxd3 Rxd3 12. Ke2 Rd7 13. b3 Be7 14. Bb2 Bf6 15.
Nc3 Ne7 16. e4 Ng6 17. f5 Nf4+ 18. Kf3 Nd3 0-1

[Event "*** Titled Tuesday 3|2 Blitz"]
[Site "Chess.com"]
[Date "2015.10.06"]
[Round "3"]
[White "jup1978"]
[Black "Keranke"]
[Result "0-1"]
[WhiteElo "2299"]
[BlackElo "2583"]
[TimeControl "180+2"]
[EndTime "11:34:44 PDT"]
[Termination "Keranke won by resignation"]

1. e4 g6 2. d4 Bg7 3. Nf3 d6 4. Bd3 Nf6 5. O-O O-O 6. h3 Nbd7 7. e5 Nd5 8. exd6 cxd6 9. c3 b6 10.
Be4 N7f6 11. Bd3 Bb7 12. Re1 Qc7 13. Bg5 Rfe8 14. Nbd2 e5 15. dxe5 dxe5 16. Bxf6 Nxf6 17. Ne4 Nd5 18. c4 Nf4 19. Qc2 f5 20. Nc3 Nxd3 21. Qxd3 e4 22. Nd5 Qd6 23. Qb3 Bxd5 24. Red1 exf3 25. Rxd5 Qe6 26. Qxf3 Bxb2 27. Rad1 Be5 28. g3 Rac8 29. Rd7 Rc7 30. R7d5 Rxc4 31. Qb3 Rc5 32.
f4 Rxd5 33. Rxd5 Bf6 0-1

[Event "*** Titled Tuesday 3|2 Blitz"]
[Site "Chess.com"]
[Date "2015.10.06"]
[Round "3"]
[White "LyonBeast"]
[Black "Ginger_GM"]
[Result "1-0"]
[WhiteElo "2696"]
[BlackElo "2446"]
[TimeControl "180+2"]
[EndTime "11:34:45 PDT"]
[Termination "LyonBeast won by resignation"]

1. e4 e6 2. d4 d5 3. Nd2 Nf6 4. Bd3 c5 5. e5 Nfd7 6. c3 Nc6 7. Ngf3 Be7 8. O-O a5 9. a4 g5 10. dxc5 g4 11. Nd4 Ncxe5 12. Bb5 Bxc5 13. N2b3 Bd6 14.
f4 gxf3 15. Nxf3 Ng6 16. Ng5 f5 17. Nd4 O-O 18. Ndxe6 Qb6+ 19. Kh1 Re8 20. Qxd5 Nf6 21. Qxf5 Bxe6 22. Nxe6 Rf8 23. Nxf8 Rxf8 24. Bh6 Rf7 25. Bc4 1-0

[Event "*** Titled Tuesday 3|2 Blitz"]
[Site "Chess.com"]
[Date "2015.10.06"]
[Round "3"]
[White "A-Fier"]
[Black "Mornar1951"]
[Result "1-0"]
[WhiteElo "2537"]
[BlackElo "2616"]
[TimeControl "180+2"]
[EndTime "11:35:28 PDT"]
[Termination "A-Fier won by resignation"]

1. b3 d5 2. Bb2 Bf5 3. g3 e6 4.
Bg2 Nf6 5. d3 Be7 6. e3 c5 7.
Nd2 Nc6 8. Ne2 O-O 9. h3 h6 10. O-O Rc8 11. g4 Bh7 12. Ng3 Bd6 13. f4 e5 14. g5 hxg5 15. fxg5 Ne8 16. Qg4 Nc7 17. h4 Qe7 18. h5 g6 19. h6 Rcd8 20.
c4 Nb4 21. cxd5 Nxd3 22. Bc3 Nb5 23. Nde4 Nxc3 24. Nxc3 Kh8 25. Nce4 b5 26. Nf6 Nb4 27. a4 a6 28. Nge4 Nc2 29. axb5 axb5 30. Qe2 Nxa1 31.
Rxa1 Ra8 32. Rxa8 Rxa8 33. Qxb5 Rb8 34. Qc4 Bc7 35. Nxc5 Bb6 36. b4 Rc8 37. Qa6 Qc7 38.
d6 Qb8 39. d7 Rd8 40. Qb7 Qxb7 41. Nxb7 Rb8 42. Kf2 Rxb7 43. Bxb7 1-0

[Event "*** Titled Tuesday 3|2 Blitz"]
[Site "Chess.com"]
[Date "2015.10.06"]
[Round "3"]
[White "pedromartinez91"]
[Black "HubertKnott"]
[Result "1-0"]
[WhiteElo "2216"]
[BlackElo "2019"]
[TimeControl "180+2"]
[EndTime "11:35:38 PDT"]
[Termination "pedromartinez91 won by checkmate"]

1. e4 e5 2. Nf3 Nc6 3. Bb5 a6 4. Ba4 Nf6 5. O-O Be7 6. Re1 b5 7. Bb3 d6 8. c3 O-O 9. h3 Na5 10.
Bc2 c5 11. d4 Qc7 12. d5 Nc4 13. b3 Nb6 14. Nbd2 Bd7 15. Nf1 a5 16. Ne3 g6 17.
Bd2 a4 18. Qe2 Qb7 19. Bd3 axb3 20. axb3 Rxa1 21. Rxa1 Ra8 22. Rxa8+ Qxa8 23. Bxb5 Nxe4 24. Bxd7 Nxd7 25. Be1 Qb7 26. Qc4 Nef6 27. g4 Nb6 28. Qb5 Bd8 29. c4 Kg7 30. g5 Nfd7 31. h4 Qc7 32.
Ba5 Qa7 33. Kg2 Kf8 34. Nd2 Ke7 35. Ne4 Nb8 36. b4 cxb4 37. Qxb4 Na6 38. Qxd6+ Ke8 39.
Ng4 Bc7 40. Ngf6# 1-0

[Event "*** Titled Tuesday 3|2 Blitz"]
[Site "Chess.com"]
[Date "2015.10.06"]
[Round "3"]
[White "metalbattler"]
[Black "Baggio95"]
[Result "0-1"]
[WhiteElo "1892"]
[BlackElo "2386"]
[TimeControl "180+2"]
[EndTime "11:35:42 PDT"]
[Termination "Baggio95 won by resignation"]

1. e4 e5 2. Nf3 Nc6 3. d4 exd4 4. Bc4 Nf6 5. e5 Ng4 6. Qe2 Qe7 7. Bf4 d6 8. exd6 Qxe2+ 9. Kxe2 Bxd6 10. Bxd6 cxd6 11. Rd1 Nge5 12. Bb5 Bg4 13. Nd2 O-O-O 14. h3 Bh5 15. g4 Bg6 16. Rac1 Rhe8 17. Kf1 Re7 18. Nh4 a6 19. Be2 Rde8 20. Nxg6 Nxg6 21. Bf3 Nf4 22. h4 Ne5 23. Be4 Kb8 24. f3 d5 25. Bd3 Nexd3 26. cxd3 Nxd3 27. Rc2 Re1+ 28. Rxe1 Rxe1+ 29. Kg2 Nb4 0-1

[Event "*** Titled Tuesday 3|2 Blitz"]
[Site "Chess.com"]
[Date "2015.10.06"]
[Round "3"]
[White "Schemato"]
[Black "alturas_pacificas"]
[Result "1-0"]
[WhiteElo "2186"]
[BlackElo "2109"]
[TimeControl "180+2"]
[EndTime "11:35:42 PDT"]
[Termination "Schemato won by resignation"]

1. c4 c6 2. Nf3 d5 3. e3 Nf6 4. Nc3 g6 5. d4 Bg7 6. Be2 O-O 7.
O-O Nbd7 8. b3 e6 9. Bb2 b6 10. Qc2 Bb7 11. Rad1 Rc8 12. e4 dxe4 13. Nxe4 Nxe4 14. Qxe4 Qc7 15. Qb1 c5 16. d5 exd5 17. Bxg7 Kxg7 18. cxd5 Qd6 19. Rd2 Nf6 20. Rfd1 Kg8 21.
Bc4 a6 22. a4 Rfd8 23. h3 Qd7 24. Ne5 Qd6 25. Qb2 Ne4 26. Re2 f5 27. f3 Ng3 28.
Red2 Qf6 29. d6+ Kg7 30. Kh2 f4 31. Bd5 Bxd5 32. Rxd5 Nf5 33. Qd2 g5 34. Ng4 Qf7 35. Qd3 Rf8 36. d7 Rcd8 37. Ne5 Qf6 38. Ng4 Qf7 39. Qc3+ Nd4 40. Rxg5+ Kh8 41. Rxd4 h6 42. Rd6+ 1-0

[Event "*** Titled Tuesday 3|2 Blitz"]
[Site "Chess.com"]
[Date "2015.10.06"]
[Round "3"]
[White "Viaje"]
[Black "chesswooog"]
[Result "1-0"]
[WhiteElo "2166"]
[BlackElo "2163"]
[TimeControl "180+2"]
[EndTime "11:35:59 PDT"]
[Termination "Viaje won by resignation"]

1. d4 Nf6 2. c4 e6 3. Nc3 Bb4 4. f3 d5 5. a3 Bxc3+ 6. bxc3 O-O 7. cxd5 exd5 8. e3 Re8 9. Bd3 c6 10. Ne2 Nbd7 11. O-O Nf8 12. Ra2 Be6 13. Ng3 Qd7 14.
Re2 h5 15. Qc2 h4 16. Nh1 Re7 17. e4 dxe4 18. fxe4 Bg4 19. Ref2 Rae8 20. e5 Nd5 21. Bg5 Re6 22. c4 Nb6 23. Rf4 Bh5 24. Bxh4 Bg6 25. Ng3 Bxd3 26. Qxd3 Ng6 27. Rxf7 Qxf7 28. Rxf7 Kxf7 29. Bg5 Nxe5 30. dxe5 Rxe5 31. h4 g6 32. Qf3+ Ke6 33. Qf6+ Kd7 34. c5 Nd5 35. Qxg6 Re1+ 36. Kh2 a5 37. Nf5 R8e6 38. Qf7+ Kc8 39. Nd6+ 1-0

[Event "*** Titled Tuesday 3|2 Blitz"]
[Site "Chess.com"]
[Date "2015.10.06"]
[Round "3"]
[White "PowerThinking2650"]
[Black "Nutflush"]
[Result "1-0"]
[WhiteElo "2079"]
[BlackElo "1947"]
[TimeControl "180+2"]
[EndTime "11:36:01 PDT"]
[Termination "PowerThinking2650 won by resignation"]

1. e4 c5 2. Nf3 Nc6 3. d4 cxd4 4. Nxd4 Nf6 5. Nc3 e5 6. Ndb5 d6 7. Bg5 a6 8. Na3 b5 9. Nd5 Be7 10. Bxf6 Bxf6 11. c3 O-O 12. Nc2 Bg5 13. a4 bxa4 14.
Rxa4 a5 15. b3 Kh8 16. Nce3 Bxe3 17. Nxe3 Be6 18. Bc4 Ne7 19. O-O g6 20. Bxe6 fxe6 21. Nc4 Ra6 22. Qa1 Qa8 23. Rxa5 Rxa5 24. Qxa5 Qxe4 25.
Nxd6 Qe2 26. Qc5 Nd5 27. Ne4 Rf5 28. Ng3 Qd3 29. Nxf5 gxf5 30. c4 Nf6 31. Qxe5 Kg7 32. Qxe6 Ng4 33. h3 Nf6 34. c5 f4 35. Qd6 Ne4 36. Qxd3 1-0

[Event "*** Titled Tuesday 3|2 Blitz"]
[Site "Chess.com"]
[Date "2015.10.06"]
[Round "3"]
[White "IMRosen"]
[Black "Carolina-moon"]
[Result "1-0"]
[WhiteElo "2213"]
[BlackElo "2040"]
[TimeControl "180+2"]
[EndTime "11:36:19 PDT"]
[Termination "IMRosen won by resignation"]

1. c4 f5 2. g3 Nf6 3. Bg2 g6 4. b3 Bg7 5. Bb2 d6 6. e3 O-O 7.
Ne2 e5 8. O-O Nc6 9. f3 Be6 10. f4 d5 11. fxe5 Ng4 12. Nf4 Bc8 13. h3 Ngxe5 14. d4 Nd7 15. Bxd5+ Kh8 16. Ne6 Qe7 17.
Nxf8 Qxf8 18. Qf3 Nb6 19. Nc3 Nxd5 20. Nxd5 Qf7 21. Nf4 Nb4 22. Rad1 c6 23. a3 Na6 24.
Rf2 Bd7 25. d5 Bxb2 26. Rxb2 Qf6 27. Rbd2 c5 28. d6 Bc6 29. Qf2 Re8 30. d7 Rd8 31. Rd6 Qe7 32. Qb2+ Kg8 33. Qf6 Rxd7 34. Qxe7 Rxe7 35.
Rd8+ Kf7 36. Kf2 Nc7 37. Rh8 Kg7 38. Rc8 Ne8 39. Rdd8 Nf6 40. b4 cxb4 41. axb4 Ne4+ 42. Ke1 Nxg3 43. Rg8+ Kh6 44. b5 Bf3 45. Kf2 Ne4+ 46. Kxf3 Rd7 47. Rce8 Rd2 48. Rxe4 fxe4+ 49. Kxe4 Rc2 50.
Kd3 Rc1 51. Rb8 Rd1+ 52. Ke2 Rd7 53. c5 g5 54. Ne6 Kg6 55. Nd4 h5 56. c6 bxc6 57.
bxc6 Rc7 58. Rb7 Rc8 59. c7 g4 60. hxg4 hxg4 61. Nb5 g3 62. Rb8 g2 63. Rxc8 Kf7 64.
Kf2 g1=Q+ 65. Kxg1 a6 66. Rd8 Ke7 67. c8=Q axb5 68.
Rd7+ 1-0

[Event "*** Titled Tuesday 3|2 Blitz"]
[Site "Chess.com"]
[Date "2015.10.06"]
[Round "3"]
[White "Zvonokchess"]
[Black "bugsbunny444"]
[Result "1-0"]
[WhiteElo "2549"]
[BlackElo "2299"]
[TimeControl "180+2"]
[EndTime "11:36:27 PDT"]
[Termination "Zvonokchess won on time"]

1. Nf3 d5 2. g3 Nc6 3. d4 Bf5 4. Bg2 Nb4 5. Na3 e6 6. O-O Nf6 7. Nh4 Bg4 8. c4 Be7 9. h3 Bh5 10. g4 Nd7 11. gxh5 Bxh4 12. Bd2 a5 13. cxd5 exd5 14.
Nc2 Nxc2 15. Qxc2 c6 16. h6 g6 17. e4 dxe4 18. Qxe4+ Qe7 19. Rae1 Kf8 20. Qg4 Qd8 21. d5 c5 22. d6 Bf6 23. Bf4 Ra6 24. Bd5 Rb6 25. b3 Rb4 26. Qf3 g5 27. Bg3 Rg8 28.
Bxf7 1-0

[Event "*** Titled Tuesday 3|2 Blitz"]
[Site "Chess.com"]
[Date "2015.10.06"]
[Round "3"]
[White "Badouuu"]
[Black "silverback96"]
[Result "0-1"]
[WhiteElo "1936"]
[BlackElo "1903"]
[TimeControl "180+2"]
[EndTime "11:36:29 PDT"]
[Termination "silverback96 won by resignation"]

1. e4 e6 2. d4 d5 3. Nd2 Nf6 4. e5 Nfd7 5. Bd3 c5 6. c3 Nc6 7. Ne2 cxd4 8. cxd4 f6 9. exf6 Nxf6 10. O-O Bd6 11. Nf3 O-O 12. Bf4 Bxf4 13. Nxf4 Ne4 14. Nh5 e5 15. dxe5 Bg4 16. Ng3 Nxg3 17. fxg3 Nxe5 18. Kh1 Qb6 19. b3 Rad8 20. Bc2 Qh6 21. Qe2 Nxf3 22. gxf3 Rde8 23. Qd3 Re3 24. Qxd5+ Be6 25.
Qxb7 Re2 26. Bxh7+ Qxh7 27. h4 Qf5 28. Kg1 Qh3 29. Rf2 Qxg3+ 30. Kh1 0-1